 Dungeon Crawl Stone Soup version 0.29-a0-330-g52719c12eb (webtiles) character file.

Game seed: 1713426742847746098

3376 gruber the Destroyer (level 9, 0/52 HPs)
             Began as a Deep Elf Conjurer on May 2, 2022.
             Was a Believer of Vehumet.
             Slain by an unseen horror (9 damage)
             ... on level 8 of the Dungeon.
             The game lasted 00:09:17 (6131 turns).

gruber the Destroyer (Deep Elf Conjurer)            Turns: 6131, Time: 00:09:17

Health: 0/52       AC: 15    Str:  4    XL:     9   Next: 74%
Magic:  8/25       EV: 13    Int: 43    God:    Vehumet [**....]
Gold:   549        SH:  0    Dex: 13    Spells: 22/28 levels left

rFire   . . .      SeeInvis .   F - +3 short sword (protect)
rCold   . . .      Faith    .   (no shield)
rNeg    . . .      Spirit   .   B - +2 robe {Will+}
rPois   .          Reflect  .   D - +5 helmet of Fiume {*Slow rCorr Int+9}
rElec   .          Harm     .   p - +0 cloak
rCorr   +          Rampage  .   (no gloves)
Will    +....                   (no boots)
Stlth   ++........              m - amulet of magic regeneration
HPRegen 0.17/turn               h - +4 ring of protection
MPRegen 0.59/turn               u - +6 ring of intelligence

@: slowed, very slow
A: no striking features
a: Renounce Religion


You were on level 8 of the Dungeon.
You worshipped Vehumet.
Vehumet was pleased with you.
You visited 1 branch of the dungeon, and saw 8 of its levels.

You collected 549 gold pieces.

Inventory:

Hand Weapons
 F - a +3 short sword of protection (weapon)
Armour
 p - a +0 cloak (worn)
 B - a +2 robe of willpower (worn)
 D - the +5 helmet of Fiume (worn) {*Slow rCorr Int+9}
   (You found it on level 7 of the Dungeon)

   Int:       It affects your intelligence (+9).
   rCorr:     It protects you from acid and corrosion.
   *Slow:     It may slow you when you take damage.
Jewellery
 h - a +4 ring of protection (left hand)
 i - a ring of wizardry
 m - an amulet of magic regeneration (around neck)
 u - a +6 ring of intelligence (right hand)
Scrolls
 a - 2 scrolls of noise {unknown}
 c - 10 scrolls of identify {unknown}
 f - 2 scrolls of silence {unknown}
 g - a scroll of teleportation {unknown}
 k - a scroll of fear {unknown}
 r - a scroll of brand weapon {unknown}
 s - a scroll of enchant armour {unknown}
 v - a scroll of enchant weapon {unknown}
 y - 3 scrolls of amnesia {unknown}
 C - a scroll of summoning {unknown}
Potions
 b - a potion of magic
 d - 3 potions of might {unknown}
 e - 3 potions of berserk rage {unknown}
 j - 2 potions of curing {unknown}
 l - 2 potions of flight {unknown}
 n - 2 potions of lignification {unknown}
 o - 3 potions of brilliance {unknown}
 q - 3 potions of attraction {unknown}
 t - a potion of degeneration {unknown}
 w - a potion of mutation {unknown}
 x - a potion of haste {unknown}
 z - a potion of cancellation {unknown}
 E - a potion of heal wounds {unknown}


   Skills:
 - Level 4.0 Fighting
 - Level 0.1 Long Blades
 - Level 0.2(0.4) Axes
 - Level 0.2(0.3) Maces & Flails
 - Level 0.1(0.3) Staves
 - Level 0.2 Bows
 - Level 0.1 Crossbows
 - Level 0.1 Throwing
 - Level 5.0 Dodging
 - Level 2.4 Stealth
 - Level 10.0 Spellcasting
 * Level 10.1 Conjurations
 - Level 0.2 Hexes
 - Level 0.5 Summonings
 - Level 0.1 Necromancy
 - Level 0.1 Translocations
 - Level 0.1 Transmutations
 - Level 0.1 Fire Magic
 - Level 0.1 Ice Magic
 - Level 0.1 Air Magic
 - Level 5.2 Earth Magic
 - Level 0.1 Poison Magic
 - Level 0.1 Invocations
 - Level 0.3 Evocations


You had 22 spell levels left.
You knew the following spells:

 Your Spells              Type           Power      Damage    Failure   Level
a - Magic Dart            Conj           100%       1d8       1%          1
b - Searing Ray           Conj           100%       2d8       1%          2
c - Stone Arrow           Conj/Erth      100%       3d13      1%          3

Your spell library contained the following spells:

 Spells                   Type           Power      Damage    Failure   Level
 Foxfire                  Conj/Fire      100%       2x1d9     1%          1
 Apportation              Tloc           44%        N/A       1%          1
 Sandblast                Erth           100%       2d20      1%          1
 Slow                     Hex            92%        N/A       1%          1
 Passwall                 Tmut/Erth      36%        N/A       1%          2
 Scorch                   Fire           44%        2d7       1%          2
 Dazzling Flash           Conj/Hex       100%       N/A       1%          3
 Flame Wave               Conj/Fire      60%        2d12      1%          4
 Fulminant Prism          Conj/Hex       30%        3d16      1%          4
 Iskenderun's Mystic Bla  Conj/Tloc      60%        2d13      1%          4
 Confusing Touch          Hex            23%        N/A       4%          3
 Vampiric Draining        Necr           23%        2d7       4%          3
 Alistair's Intoxication  Tmut/Pois      14%        N/A       36%         5
 Summon Cactus Giant      Summ           13%        N/A       87%         6


Dungeon Overview and Level Annotations

Branches:
Dungeon (8/15)             Temple (0/1) D:5            Lair (0/6) D:8

Altars:
Cheibriados
Makhleb
Vehumet
Wu Jian
Yredelemnul


Message History

Unknown command.
Casting: Stone Arrow (safe; 1% risk of failure)
Confirm with . or Enter, or press ? or * to list all spells.
Aiming: Stone Arrow (safe; 1% risk of failure)
Press: ? - help, Shift-Dir - straight line Something hits you.
Unknown command.
Unknown command.
Casting: Stone Arrow (safe; 1% risk of failure)
Confirm with . or Enter, or press ? or * to list all spells.
Aiming: Stone Arrow (safe; 1% risk of failure)
Press: ? - help, Shift-Dir - straight line Something hits you but does no damage.
Unknown command.
Unknown command.
Casting: Stone Arrow (safe; 1% risk of failure)
Confirm with . or Enter, or press ? or * to list all spells.
Aiming: Stone Arrow (safe; 1% risk of failure)
Press: ? - help, Shift-Dir - straight line Something hits you but does no damage.
Unknown command.
Unknown command.
Things that are here:
+0 steam dragon scales; a steam dragon corpse; a bullfrog skeleton Something hits you.
* * * LOW HITPOINT WARNING * * *
Something hits you but does no damage. Something hits you but does no damage.
Something hits you!
* * * LOW HITPOINT WARNING * * *
You feel yourself slow down. Something hits you but does no damage.
Casting: Stone Arrow (safe; 1% risk of failure)
Confirm with . or Enter, or press ? or * to list all spells.
Aiming: Searing Ray (safe; 1% risk of failure)
Press: ? - help, Shift-Dir - straight line The searing ray hits something! (Press . to maintain the ray.)
Something hits you!
You die...

.......
############........
#......<..##........
#.........##..>..)..
#.........##........
#####..[####........
#.#.))##........
#.###..).<...... #@#
###.).).>... #.#
###....... #.#
.)..#.. #.# #.###
#.# .# #.. .# #.. .
#.. .


There were no monsters in sight!

Vanquished Creatures
  Prince Ribbit (D:8)
  3 yaks (D:6)
  A steam dragon (D:8)
  A water moccasin (D:7)
  3 ice beasts (D:5)
  A black bear (D:7)
  An ogre (D:4)
  A phantom (D:6)
  A kobold brigand (D:8)
  4 bullfrogs
  3 scorpions (D:5)
  A necrophage (D:6)
  9 wights
  7 killer bees
  4 howler monkeys
  3 jellies
  A hound (D:2)
  A gnoll shaman (D:4)
  An orc priest (D:6)
  Crazy Yiuf (D:3)
  An iguana (D:5)
  An orc wizard (D:6)
  Natasha (thrice) (D:4)
  3 adders
  5 gnolls (D:4)
  3 shadow imps
  2 ufetubi
  2 worms (D:2)
  4 dart slugs
  18 orcs
  7 endoplasms
  2 giant cockroaches
  5 goblins
  A hobgoblin (D:2)
  10 kobolds
  3 quokkas (D:1)
  3 ball pythons
  2 bats (D:1)
  3 rats
126 creatures vanquished.

Notes
Turn   | Place    | Note
-------+----------+-------------------------------------------
     0 | D:1      | gruber the Deep Elf Conjurer began the quest for the Orb.
     0 | D:1      | Reached XP level 1. HP: 10/10 MP: 6/6
   350 | D:1      | Reached XP level 2. HP: 15/15 MP: 5/8
   392 | D:1      | Reached skill level 5 in Conjurations
   540 | D:1      | Found a faded altar of an unknown god.
  1311 | D:2      | Reached XP level 3. HP: 19/19 MP: 6/9
  1779 | D:2      | Reached XP level 4. HP: 20/24 MP: 5/10
  2095 | D:3      | Found an ornate altar of the Wu Jian Council.
  2511 | D:3      | Found a snail-covered altar of Cheibriados.
  2530 | D:3      | Found a runed translucent door.
  2531 | D:3      | Noticed Crazy Yiuf
  2638 | D:3      | Learned a level 2 spell: Searing Ray
  2641 | D:3      | Killed Crazy Yiuf
  2767 | D:4      | Reached XP level 5. HP: 28/28 MP: 7/11
  2826 | D:4      | Noticed an ogre
  2833 | D:4      | Killed an ogre
  2834 | D:4      | Reached skill level 5 in Spellcasting
  2834 | D:4      | Reached XP level 6. HP: 29/32 MP: 7/16
  2967 | D:4      | Learned a level 3 spell: Stone Arrow
  3026 | D:4      | Noticed Natasha
  3032 | D:4      | Killed Natasha
  3124 | D:4      | Found a radiant altar of Vehumet.
  3140 | D:4      | Became a worshipper of Vehumet
  3177 | D:4      | Noticed Natasha
  3183 | D:4      | Killed Natasha
  3300 | D:4      | Noticed Natasha
  3303 | D:4      | Killed Natasha
  3390 | D:5      | Entered Level 5 of the Dungeon
  3406 | D:5      | Reached skill level 5 in Dodging
  3406 | D:5      | Reached XP level 7. HP: 36/36 MP: 14/18
  3416 | D:5      | Found a staircase to the Ecumenical Temple.
  3428 | D:5      | Reached skill level 1 in Earth Magic
  3766 | D:5      | Reached skill level 5 in Earth Magic
  3766 | D:5      | Reached XP level 8. HP: 41/41 MP: 8/19
  4013 | D:5      | Reached skill level 1 in Fighting
  4467 | D:6      | Reached * piety under Vehumet
  4467 | D:6      | Offered knowledge of Foxfire by Vehumet.
  4685 | D:6      | Reached XP level 9. HP: 52/52 MP: 17/20
  5129 | D:7      | Found a burning altar of Makhleb.
  5130 | D:7      | Found a basalt altar of Yredelemnul.
  5135 | D:7      | Identified the +6 ring mail "Cuistrot" {Rampage Int-5
                  | Dex+4}
  5164 | D:7      | Reached skill level 10 in Conjurations
  5570 | D:7      | Identified the +5 helmet of Fiume {*Slow rCorr Int+9}
  5930 | D:8      | Found a staircase to the Lair.
  6071 | D:8      | Noticed Prince Ribbit
  6082 | D:8      | Killed Prince Ribbit
  6083 | D:8      | Reached skill level 10 in Spellcasting
  6107 | D:8      | Reached ** piety under Vehumet
  6131 | D:8      | Slain by an unseen horror

Illustrated notes

Levels and vault maps discovered:
D:1:      elethiomel_arrival_quiet, layout_basic,
          chequers_ecumenical_altar_simple_redux, amethyst_killhole
D:2:      layout_loops_ring
D:3:      layout_rooms, mainiacjoe_overflow_alcove_4,
          nicolae_wu_jian_wuxing_cycle, uniq_crazy_yiuf_cottage
D:4:      layout_cave_pools, nicolae_vehumet_radiance, uniq_natasha
D:5:      layout_basic, minmay_temple_entry_wispy
D:6:      layout_basic
D:7:      layout_loops_ring, gammafunk_temple_overflow_statue
D:8:      layout_rooms, gammafunk_temple_overflow_wave, lair_entry_dummy,
          nicolae_ossuary_entry_false_entrances, uniq_prince_ribbit1, uniq_erica

Skill      XL: |  1  2  3  4  5  6  7  8  9 |
---------------+----------------------------+-----
Conjurations   | 5 6 7 9 10 | 10.1
Spellcasting   | 5 6 10 | 10.0
Dodging        | 5 |  5.0
Earth Magic    | 5 |  5.2
Fighting       | 4 |  4.0
Long Blades    | |  0.1
Axes           | |  0.2
Maces & Flails | |  0.2
Staves         | |  0.1
Bows           | |  0.2
Crossbows      | |  0.1
Throwing       | |  0.1
Stealth        | |  2.4
Hexes          | |  0.2
Summonings     | |  0.5
Necromancy     | |  0.1
Translocations | |  0.1
Transmutations | |  0.1
Fire Magic     | |  0.1
Ice Magic      | |  0.1
Air Magic      | |  0.1
Poison Magic   | |  0.1
Invocations    | |  0.1
Evocations     | |  0.3

Action                   |  1- 3 |  4- 6 |  7- 9 || total
-------------------------+-------+-------+-------++-------
 Cast: Magic Dart        |    46 |    84 |    47 ||   177
       Searing Ray       |       |    10 |    13 ||    23
       Stone Arrow       |       |       |    63 ||    63
Armor: Robe              |       |     2 |    16 ||    18
Dodge: Dodged            |     1 |     9 |    31 ||    41

Table legend: (Time is in decaauts)
 A = Elapsed time spent in this place.
 B = Non-inter-level travel time spent in this place.
 C = Inter-level travel time spent in this place.
 D = Time resting spent in this place.
 E = Time spent auto-exploring this place.
 F = Levels seen in this place.
 G = Mean time per level.
                   A        B        C        D        E       F      G
               +--------+--------+--------+--------+--------+-----+--------+
         Total |   6131 |   5906 |    225 |      4 |   5234 |   8 |  766.4 |
       Dungeon |   6131 |   5906 |    225 |      4 |   5234 |   8 |  766.4 |
               +--------+--------+--------+--------+--------+-----+--------+

Top non-repeatable levels by time:
     D:2: 1089 daAuts
     D:1: 956 daAuts
     D:7: 913 daAuts
     D:5: 874 daAuts
     D:6: 731 daAuts
     D:3: 682 daAuts
     D:4: 658 daAuts
     D:8: 223 daAuts
